Workbook
Name C_Despesa: '[1]Dades auxiliars'!$N$1:$N$9
Name Dades_Servei: '[2]Dades auxiliars'!$A$1:$J$262
Name T_Despesa: '[1]Dades auxiliars'!$M$1:$M$5

Sheet Càlcul pressupost
A1: AM Internet (3+2) | F1: 36 mesos
A2: Data inici contracte | B2: 45170 | F2: 2 transició
A3: Data inici servei | B3: 45229 | F3: 34 servei
A4: Data fi del contracte | B4: 46265
A5: Data inici possible pròrroga | B5: 46266 | E5: Servei | F5: Import 2023 | G5: Import 2024 | H5: Import 2025 | I5: Import 2026 | J5: Import Total IVA inclòs | K5: Import Total IVA exclòs
A6: Data màxima fi pròrroga | B6: 46996 | C6: Treball fet real en incidència. Es paga al final | E6: Manteniment correctiu | F6: =+H28 -> 41179.22 | G6: =+H46 -> 247075.27 | H6: =+H46 -> 247075.27 | I6: =+H64 -> 164716.86 | J6: =SUM(F6:I6) -> 700046.62 | K6: =+ROUND(J6/1.21,2) -> 578550.93
C7: Treball valorat i acceptat. Es paga al final | E7: Manteniment recurrent | F7: =+K28 -> 144127.24 | G7: =+K46 -> 576508.99 | H7: =+K46 -> 576508.99 | I7: =+K64 -> 384339.32 | J7: =SUM(F7:I7) -> 1681484.5 | K7: =+ROUND(J7/1.21,2) -> 1389656.6
C8: Treball valorat i acceptat. Es paga al final | E8: Serveis d’evolutius recurrents | F8: =+N28 -> 50000 | G8: =+N45 -> 170000 | H8: =+N46 -> 170000 | I8: =+N64 -> 135000 | J8: =SUM(F8:I8) -> 525000 | K8: =+ROUND(J8/1.21,2) -> 433884.3
C9: Tarifa plana | E9: Serveis Transversals de Manteniment | F9: =+Q28+R28 -> 54905.61 | G9: =+Q46+R46 -> 329433.66 | H9: =+Q46+R46 -> 329433.66 | I9: =+Q64+R64 -> 219622.43 | J9: =SUM(F9:I9) -> 933395.36 | K9: =+ROUND(J9/1.21,2) -> 771401.12
E10: Import total licitació | F10: =SUM(F6:F9) -> 290212.07 | G10: =SUM(G6:G9) -> 1323017.9 | H10: =SUM(H6:H9) -> 1323017.9 | I10: =SUM(I6:I9) -> 903678.61 | J10: =SUM(J6:J9) -> 3839926.5 | K10: =SUM(K6:K9) -> 3173493
E12: CAP 2 | F12: =+F6+F7+F9 -> 240212.07 | G12: =+G6+G7+G9 -> 1153017.9 | H12: =+H6+H7+H9 -> 1153017.9 | I12: =+I6+I7+I9 -> 768678.61
E13: CAP 6 | F13: =+F8 -> 50000 | G13: =+G8 -> 170000 | H13: =+H8 -> 170000 | I13: =+I8 -> 135000
A14: ANY 2023 2 mesos de transició + 2 mesos de servei | E14: 2
A15: Tecnologia | B15: Servei | C15: Nom Servei | D15: Codi Aplicació | E15: Nom Aplicació | F15: IT Manteniment correctiu | G15: Preu/hora | H15: € Manteniment correctiu | I15: PT Manteniment recurrent | J15: Preu/hora | K15: € Manteniment recurrent | L15: PT Evolutius recurrents | M15: Preu/hora | N15: € Evolutius recurrents | O15: TT Serveis Transversals de Manteniment | P15: Preu/hora | Q15: € STM | R15: € Llicències | S15: Data inici transició | T15: Data inici servei | U15: Mesos transició | V15: € Transició (recurrent) | W15: TOTAL
A16: PYTHON | B16: SER0608 | C16: Framework Python / Elastic | D16: - | E16: - | F16: 40.984668 | G16: =+Perfils!$G$34 -> 70.44 | H16: =ROUND(F16*G16,2) -> 2886.96 | I16: 95.631034 | J16: =+Perfils!$G$49 -> 70.44 | K16: =ROUND(I16*J16,2) -> 6736.25 | L16: 0 | M16: =+Perfils!$G$64 -> 70.44 | N16: =ROUND(L16*M16,2) -> 0 | O16: 54.646224 | P16: =+Perfils!$G$79 -> 70.44 | Q16: =ROUND(O16*P16,2) -> 3849.28 | R16: 0 | S16: =+$B$2 -> 45170 | T16: =+$B$3 -> 45229 | U16: 2 | V16: 3368.1221 | W16: =+H16+K16+Q16+R16+N16 -> 13472.49
A17: PYTHON | B17: SER0505 | C17: NASIA | D17: - | E17: - | F17: 80.244747 | G17: =+Perfils!$G$34 -> 70.44 | H17: =ROUND(F17*G17,2) -> 5652.44 | I17: 187.23765 | J17: =+Perfils!$G$49 -> 70.44 | K17: =ROUND(I17*J17,2) -> 13189.02 | L17: 0 | M17: =+Perfils!$G$64 -> 70.44 | N17: =ROUND(L17*M17,2) -> 0 | O17: 106.9929 | P17: =+Perfils!$G$79 -> 70.44 | Q17: =ROUND(O17*P17,2) -> 7536.58 | R17: 0 | S17: =+$B$2 -> 45170 | T17: =+$B$3 -> 45229 | U17: 2 | V17: 6594.5096 | W17: =+H17+K17+Q17+R17+N17 -> 26378.04
A18: WORDPRESS | B18: SER0610 | C18: Framework WordPress | D18: - | E18: - | F18: 5.7505679 | G18: =+Perfils!$G$34 -> 70.44 | H18: =ROUND(F18*G18,2) -> 405.07 | I18: 13.417944 | J18: =+Perfils!$G$49 -> 70.44 | K18: =ROUND(I18*J18,2) -> 945.16 | L18: 0 | M18: =+Perfils!$G$64 -> 70.44 | N18: =ROUND(L18*M18,2) -> 0 | O18: 7.6673765 | P18: =+Perfils!$G$79 -> 70.44 | Q18: =ROUND(O18*P18,2) -> 540.09 | R18: 0 | S18: =+$B$2 -> 45170 | T18: =+$B$3 -> 45229 | U18: 2 | V18: 472.57792 | W18: =+H18+K18+Q18+R18+N18 -> 1890.32
A19: DRUPAL | B19: SER0702 | C19: Portal Notícies | F19: 34.873509 | G19: =+Perfils!$G$34 -> 70.44 | H19: =ROUND(F19*G19,2) -> 2456.49 | I19: 81.371522 | J19: =+Perfils!$G$49 -> 70.44 | K19: =ROUND(I19*J19,2) -> 5731.81 | L19: 0 | M19: =+Perfils!$G$64 -> 70.44 | N19: =ROUND(L19*M19,2) -> 0 | O19: 46.498012 | P19: =+Perfils!$G$79 -> 70.44 | Q19: =ROUND(O19*P19,2) -> 3275.32 | R19: 0 | S19: =+$B$2 -> 45170 | T19: =+$B$3 -> 45229 | U19: 2 | V19: 2865.9067 | W19: =+H19+K19+Q19+R19+N19 -> 11463.62
A20: JAVASCRIPT | B20: SER0609 | C20: Framework Drupal | D20: - | E20: - | F20: 105.62663 | G20: =+Perfils!$G$34 -> 70.44 | H20: =ROUND(F20*G20,2) -> 7440.34 | I20: 246.4621 | J20: =+Perfils!$G$49 -> 70.44 | K20: =ROUND(I20*J20,2) -> 17360.79 | L20: 0 | M20: =+Perfils!$G$64 -> 70.44 | N20: =ROUND(L20*M20,2) -> 0 | O20: 140.83546 | P20: =+Perfils!$G$79 -> 70.44 | Q20: =ROUND(O20*P20,2) -> 9920.45 | R20: 0 | S20: =+$B$2 -> 45170 | T20: =+$B$3 -> 45229 | U20: 2 | V20: 8680.3967 | W20: =+H20+K20+Q20+R20+N20 -> 34721.58
A21: JAVASCRIPT | B21: SER0669 | C21: Framework Javascript | D21: - | E21: - | F21: 40.434696 | G21: =+Perfils!$G$34 -> 70.44 | H21: =ROUND(F21*G21,2) -> 2848.22 | I21: 94.347388 | J21: =+Perfils!$G$49 -> 70.44 | K21: =ROUND(I21*J21,2) -> 6645.83 | L21: 0 | M21: =+Perfils!$G$64 -> 70.44 | N21: =ROUND(L21*M21,2) -> 0 | O21: 53.912834 | P21: =+Perfils!$G$79 -> 70.44 | Q21: =ROUND(O21*P21,2) -> 3797.62 | R21: 0 | S21: =+$B$2 -> 45170 | T21: =+$B$3 -> 45229 | U21: 2 | V21: 3322.9167 | W21: =+H21+K21+Q21+R21+N21 -> 13291.67
A22: LIFERAY | B22: SER0184 | C22: Gestio del cicle de vida dels webs | D22: - | E22: - | F22: 35.020585 | G22: =+Perfils!$G$34 -> 70.44 | H22: =ROUND(F22*G22,2) -> 2466.85 | I22: 81.714651 | J22: =+Perfils!$G$49 -> 70.44 | K22: =ROUND(I22*J22,2) -> 5755.98 | L22: 0 | M22: =+Perfils!$G$64 -> 70.44 | N22: =ROUND(L22*M22,2) -> 0 | O22: 46.694066 | P22: =+Perfils!$G$79 -> 70.44 | Q22: =ROUND(O22*P22,2) -> 3289.13 | R22: 0 | S22: =+$B$2 -> 45170 | T22: =+$B$3 -> 45229 | U22: 2 | V22: 2877.9892 | W22: =+H22+K22+Q22+R22+N22 -> 11511.96
A23: STM | B23: SER0691 | C23: Govern de les Infraestructures web | D23: - | E23: - | F23: 27.654458 | G23: =+Perfils!$G$34 -> 70.44 | H23: =ROUND(F23*G23,2) -> 1947.98 | I23: 64.527115 | J23: =+Perfils!$G$49 -> 70.44 | K23: =ROUND(I23*J23,2) -> 4545.29 | L23: 0 | M23: =+Perfils!$G$64 -> 70.44 | N23: =ROUND(L23*M23,2) -> 0 | O23: 36.872658 | P23: =+Perfils!$G$79 -> 70.44 | Q23: =ROUND(O23*P23,2) -> 2597.31 | R23: 0 | S23: =+$B$2 -> 45170 | T23: =+$B$3 -> 45229 | U23: 2 | V23: 2272.6454 | W23: =+H23+K23+Q23+R23+N23 -> 9090.58
A24: STM | B24: SER0706 | C24: Gestió de versions (CI/CD) | F24: 27.654458 | G24: =+Perfils!$G$34 -> 70.44 | H24: =ROUND(F24*G24,2) -> 1947.98 | I24: 64.527115 | J24: =+Perfils!$G$49 -> 70.44 | K24: =ROUND(I24*J24,2) -> 4545.29 | L24: 0 | M24: =+Perfils!$G$64 -> 70.44 | N24: =ROUND(L24*M24,2) -> 0 | O24: 36.872658 | P24: =+Perfils!$G$79 -> 70.44 | Q24: =ROUND(O24*P24,2) -> 2597.31 | R24: 0 | S24: =+$B$2 -> 45170 | T24: =+$B$3 -> 45229 | U24: 2 | V24: 2272.6454 | W24: =+H24+K24+Q24+R24+N24 -> 9090.58
A25: STM | B25: SER0366 | C25: Configuració de plataformes de servei | D25: - | E25: - | F25: 59.052811 | G25: =+Perfils!$G$34 -> 70.44 | H25: =ROUND(F25*G25,2) -> 4159.68 | I25: 137.78989 | J25: =+Perfils!$G$49 -> 70.44 | K25: =ROUND(I25*J25,2) -> 9705.92 | L25: 0 | M25: =+Perfils!$G$64 -> 70.44 | N25: =ROUND(L25*M25,2) -> 0 | O25: 78.737081 | P25: =+Perfils!$G$79 -> 70.44 | Q25: =ROUND(O25*P25,2) -> 5546.24 | R25: 0 | S25: =+$B$2 -> 45170 | T25: =+$B$3 -> 45229 | U25: 2 | V25: 4852.96 | W25: =+H25+K25+Q25+R25+N25 -> 19411.84
A26: STM | B26: SER0156 | C26: Intranet | D26: - | E26: - | F26: 127.30281 | G26: =+Perfils!$G$34 -> 70.44 | H26: =ROUND(F26*G26,2) -> 8967.21 | I26: 297.03989 | J26: =+Perfils!$G$49 -> 70.44 | K26: =ROUND(I26*J26,2) -> 20923.49 | L26: 0 | M26: =+Perfils!$G$64 -> 70.44 | N26: =ROUND(L26*M26,2) -> 0 | O26: 169.73708 | P26: =+Perfils!$G$79 -> 70.44 | Q26: =ROUND(O26*P26,2) -> 11956.28 | R26: 0 | S26: =+$B$2 -> 45170 | T26: =+$B$3 -> 45229 | U26: 2 | V26: 10461.744 | W26: =+H26+K26+Q26+R26+N26 -> 41846.98
A27: STM | B27: SER9999 | C27: Genèric | D27: - | E27: - | F27: 0 | G27: =+Perfils!$G$34 -> 70.44 | H27: =ROUND(F27*G27,2) -> 0 | I27: 682.03313 | J27: =+Perfils!$G$49 -> 70.44 | K27: =ROUND(I27*J27,2) -> 48042.41 | L27: 709.82396 | M27: =+Perfils!$G$64 -> 70.44 | N27: =ROUND(L27*M27,2) -> 50000 | O27: 0 | P27: =+Perfils!$G$79 -> 70.44 | Q27: =ROUND(O27*P27,2) -> 0 | R27: =ROUND(R45/12*$E$14,2) -> 0 | S27: =+$B$2 -> 45170 | T27: =+$B$3 -> 45229 | U27: 2 | V27: 0 | W27: =+H27+K27+Q27+R27+N27 -> 98042.41
B28: Total | F28: =SUM(F16:F27) -> 584.59994 | H28: =SUM(H16:H27) -> 41179.22 | I28: =SUM(I16:I27) -> 2046.0994 | K28: =SUM(K16:K27) -> 144127.24 | L28: =SUM(L16:L27) -> 709.82396 | N28: =SUM(N16:N27) -> 50000 | O28: =SUM(O16:O27) -> 779.46635 | Q28: =SUM(Q16:Q27) -> 54905.61 | R28: =SUM(R16:R27) -> 0 | V28: =SUM(V16:V27) -> 48042.413 | W28: =SUM(W16:W27) -> 290212.07
E30: FTE | F30: =(F28/$E$14/8)/20 -> 1.8268748 | I30: =(I28/$E$14/8)/20 -> 6.3940607 | L30: =(L28/$E$14/8)/20 -> 2.2181999 | O30: =(O28/$E$14/8)/20 -> 2.4358324 | S30: =SUM(I30:R30) -> 11.048093
A32: ANYS 2024-2025 | D32: Mesos | E32: 12
A33: Tecnologia | B33: Servei | C33: Nom Servei | D33: Codi Aplicació | E33: Nom Aplicació | F33: IT Manteniment correctiu | G33: Preu/hora | H33: € Manteniment correctiu | I33: PT Manteniment recurrent | J33: Preu/hora | K33: € Manteniment recurrent | L33: PT Evolutius recurrents | M33: Preu/hora | N33: € Evolutius recurrents | O33: TT Serveis Transversals de Manteniment | P33: Preu/hora | Q33: € STM | R33: € Llicències | S33: TOTAL
A34: PYTHON | B34: SER0608 | C34: Framework Python / Elastic | D34: - | E34: - | F34: 245.90815 | G34: =+Perfils!$G$34 -> 70.44 | H34: =ROUND(F34*G34,2) -> 17321.77 | I34: 573.78578 | J34: =+Perfils!$G$49 -> 70.44 | K34: =ROUND(I34*J34,2) -> 40417.47 | L34: 0 | M34: =+Perfils!$G$64 -> 70.44 | N34: =ROUND(L34*M34,2) -> 0 | O34: 327.87748 | P34: =+Perfils!$G$79 -> 70.44 | Q34: =ROUND(O34*P34,2) -> 23095.69 | R34: 0 | S34: =+H34+K34+Q34+R34+N34 -> 80834.93
A35: PYTHON | B35: SER0505 | C35: NASIA | D35: - | E35: - | F35: 481.4682 | G35: =+Perfils!$G$34 -> 70.44 | H35: =ROUND(F35*G35,2) -> 33914.62 | I35: 1123.4259 | J35: =+Perfils!$G$49 -> 70.44 | K35: =ROUND(I35*J35,2) -> 79134.12 | L35: 0 | M35: =+Perfils!$G$64 -> 70.44 | N35: =ROUND(L35*M35,2) -> 0 | O35: 641.95755 | P35: =+Perfils!$G$79 -> 70.44 | Q35: =ROUND(O35*P35,2) -> 45219.49 | R35: 0 | S35: =+H35+K35+Q35+R35+N35 -> 158268.23
A36: WORDPRESS | B36: SER0610 | C36: Framework WordPress | D36: - | E36: - | F36: 34.503123 | G36: =+Perfils!$G$34 -> 70.44 | H36: =ROUND(F36*G36,2) -> 2430.4 | I36: 80.507382 | J36: =+Perfils!$G$49 -> 70.44 | K36: =ROUND(I36*J36,2) -> 5670.94 | L36: 0 | M36: =+Perfils!$G$64 -> 70.44 | N36: =ROUND(L36*M36,2) -> 0 | O36: 46.004117 | P36: =+Perfils!$G$79 -> 70.44 | Q36: =ROUND(O36*P36,2) -> 3240.53 | R36: 0 | S36: =+H36+K36+Q36+R36+N36 -> 11341.87
A37: WORDPRESS | B37: SER0702 | C37: Portal Notícies | F37: 209.2412 | G37: =+Perfils!$G$34 -> 70.44 | H37: =ROUND(F37*G37,2) -> 14738.95 | I37: 488.22942 | J37: =+Perfils!$G$49 -> 70.44 | K37: =ROUND(I37*J37,2) -> 34390.88 | L37: 0 | M37: =+Perfils!$G$64 -> 70.44 | N37: =ROUND(L37*M37,2) -> 0 | O37: 278.98822 | P37: =+Perfils!$G$79 -> 70.44 | Q37: =ROUND(O37*P37,2) -> 19651.93 | R37: 0 | S37: =+H37+K37+Q37+R37+N37 -> 68781.76
A38: DRUPAL | B38: SER0609 | C38: Framework Drupal | D38: - | E38: - | F38: 633.7598 | G38: =+Perfils!$G$34 -> 70.44 | H38: =ROUND(F38*G38,2) -> 44642.04 | I38: 1478.7729 | J38: =+Perfils!$G$49 -> 70.44 | K38: =ROUND(I38*J38,2) -> 104164.76 | L38: 0 | M38: =+Perfils!$G$64 -> 70.44 | N38: =ROUND(L38*M38,2) -> 0 | O38: 845.01306 | P38: =+Perfils!$G$79 -> 70.44 | Q38: =ROUND(O38*P38,2) -> 59522.72 | R38: 0 | S38: =+H38+K38+Q38+R38+N38 -> 208329.52
A39: JAVASCRIPT | B39: SER0669 | C39: Framework Javascript | D39: - | E39: - | F39: 242.60775 | G39: =+Perfils!$G$34 -> 70.44 | H39: =ROUND(F39*G39,2) -> 17089.29 | I39: 566.08461 | J39: =+Perfils!$G$49 -> 70.44 | K39: =ROUND(I39*J39,2) -> 39875 | L39: 0 | M39: =+Perfils!$G$64 -> 70.44 | N39: =ROUND(L39*M39,2) -> 0 | O39: 323.47686 | P39: =+Perfils!$G$79 -> 70.44 | Q39: =ROUND(O39*P39,2) -> 22785.71 | R39: 0 | S39: =+H39+K39+Q39+R39+N39 -> 79750
A40: STM | B40: SER0184 | C40: Gestio del cicle de vida dels webs | D40: - | E40: - | F40: 210.12337 | G40: =+Perfils!$G$34 -> 70.44 | H40: =ROUND(F40*G40,2) -> 14801.09 | I40: 490.28776 | J40: =+Perfils!$G$49 -> 70.44 | K40: =ROUND(I40*J40,2) -> 34535.87 | L40: 0 | M40: =+Perfils!$G$64 -> 70.44 | N40: =ROUND(L40*M40,2) -> 0 | O40: 280.1644 | P40: =+Perfils!$G$79 -> 70.44 | Q40: =ROUND(O40*P40,2) -> 19734.78 | R40: 0 | S40: =+H40+K40+Q40+R40+N40 -> 69071.74
A41: STM | B41: SER0691 | C41: Govern de les Infraestructures web | D41: - | E41: - | F41: 165.92689 | G41: =+Perfils!$G$34 -> 70.44 | H41: =ROUND(F41*G41,2) -> 11687.89 | I41: 387.16283 | J41: =+Perfils!$G$49 -> 70.44 | K41: =ROUND(I41*J41,2) -> 27271.75 | L41: 0 | M41: =+Perfils!$G$64 -> 70.44 | N41: =ROUND(L41*M41,2) -> 0 | O41: 221.2358 | P41: =+Perfils!$G$79 -> 70.44 | Q41: =ROUND(O41*P41,2) -> 15583.85 | R41: 0 | S41: =+H41+K41+Q41+R41+N41 -> 54543.49
A42: STM | B42: SER0706 | C42: Gestió de versions (CI/CD) | F42: 165.92689 | G42: =+Perfils!$G$34 -> 70.44 | H42: =ROUND(F42*G42,2) -> 11687.89 | I42: 387.16283 | J42: =+Perfils!$G$49 -> 70.44 | K42: =ROUND(I42*J42,2) -> 27271.75 | L42: 0 | M42: =+Perfils!$G$64 -> 70.44 | N42: =ROUND(L42*M42,2) -> 0 | O42: 221.2358 | P42: =+Perfils!$G$79 -> 70.44 | Q42: =ROUND(O42*P42,2) -> 15583.85 | R42: 0 | S42: =+H42+K42+Q42+R42+N42 -> 54543.49
A43: STM | B43: SER0366 | C43: Configuració de plataformes de servei | D43: - | E43: - | F43: 354.31687 | G43: =+Perfils!$G$34 -> 70.44 | H43: =ROUND(F43*G43,2) -> 24958.08 | I43: 826.73935 | J43: =+Perfils!$G$49 -> 70.44 | K43: =ROUND(I43*J43,2) -> 58235.52 | L43: 0 | M43: =+Perfils!$G$64 -> 70.44 | N43: =ROUND(L43*M43,2) -> 0 | O43: 472.42249 | P43: =+Perfils!$G$79 -> 70.44 | Q43: =ROUND(O43*P43,2) -> 33277.44 | R43: 0 | S43: =+H43+K43+Q43+R43+N43 -> 116471.04
A44: LIFERAY | B44: SER0156 | C44: Intranet | D44: - | E44: - | F44: 763.81672 | G44: =+Perfils!$G$34 -> 70.44 | H44: =ROUND(F44*G44,2) -> 53803.25 | I44: 1782.2392 | J44: =+Perfils!$G$49 -> 70.44 | K44: =ROUND(I44*J44,2) -> 125540.93 | L44: 0 | M44: =+Perfils!$G$64 -> 70.44 | N44: =ROUND(L44*M44,2) -> 0 | O44: 1018.4223 | P44: =+Perfils!$G$79 -> 70.44 | Q44: =ROUND(O44*P44,2) -> 71737.67 | R44: 0 | S44: =+H44+K44+Q44+R44+N44 -> 251081.85
A45: - | B45: SER9999 | C45: Genèric | D45: - | E45: - | F45: 0 | G45: =+Perfils!$G$34 -> 70.44 | H45: =ROUND(F45*G45,2) -> 0 | I45: 0 | J45: =+Perfils!$G$49 -> 70.44 | K45: =ROUND(I45*J45,2) -> 0 | L45: 2413.4015 | M45: =+Perfils!$G$64 -> 70.44 | N45: =ROUND(L45*M45,2) -> 170000 | O45: 0 | P45: =+Perfils!$G$79 -> 70.44 | Q45: =ROUND(O45*P45,2) -> 0 | R45: 0 | S45: =+H45+K45+Q45+R45+N45 -> 170000
B46: Total | F46: =SUM(F34:F45) -> 3507.5989 | H46: =SUM(H34:H45) -> 247075.27 | I46: =SUM(I34:I45) -> 8184.3979 | K46: =SUM(K34:K45) -> 576508.99 | L46: =SUM(L34:L45) -> 2413.4015 | N46: =SUM(N34:N45) -> 170000 | O46: =SUM(O34:O45) -> 4676.7981 | Q46: =SUM(Q34:Q45) -> 329433.66 | R46: =SUM(R34:R45) -> 0 | S46: =SUM(S34:S45) -> 1323017.9
E47: FTE | F47: =(F46/$E$32/8)/20 -> 1.8268745 | I47: =(I46/$E$32/8)/20 -> 4.2627073 | L47: =(L46/$E$32/8)/20 -> 1.2569799 | O47: =(O46/$E$32/8)/20 -> 2.4358324 | S47: =SUM(F47:R47) -> 9.782394
A50: ANY 2026 8 mesos de servei | D50: Mesos | E50: 8
A51: Tecnologia | B51: Servei | C51: Nom Servei | D51: Codi Aplicació | E51: Nom Aplicació | F51: IT Manteniment correctiu | G51: Preu/hora | H51: € Manteniment correctiu | I51: PT Manteniment recurrent | J51: Preu/hora | K51: € Manteniment recurrent | L51: PT Evolutius recurrents | M51: Preu/hora | N51: € Evolutius recurrents | O51: TT Serveis Transversals de Manteniment | P51: Preu/hora | Q51: € STM | R51: € Llicències | S51: TOTAL
A52: PYTHON | B52: SER0608 | C52: Framework Python / Elastic | D52: - | E52: - | F52: 163.93881 | G52: =+Perfils!$G$34 -> 70.44 | H52: =ROUND(F52*G52,2) -> 11547.85 | I52: 382.52385 | J52: =+Perfils!$G$49 -> 70.44 | K52: =ROUND(I52*J52,2) -> 26944.98 | L52: 0 | M52: =+Perfils!$G$64 -> 70.44 | N52: =ROUND(L52*M52,2) -> 0 | O52: 218.58504 | P52: =+Perfils!$G$79 -> 70.44 | Q52: =ROUND(O52*P52,2) -> 15397.13 | R52: 0 | S52: =+H52+K52+Q52+R52+N52 -> 53889.96
A53: PYTHON | B53: SER0505 | C53: NASIA | D53: - | E53: - | F53: 320.97885 | G53: =+Perfils!$G$34 -> 70.44 | H53: =ROUND(F53*G53,2) -> 22609.75 | I53: 748.9506 | J53: =+Perfils!$G$49 -> 70.44 | K53: =ROUND(I53*J53,2) -> 52756.08 | L53: 0 | M53: =+Perfils!$G$64 -> 70.44 | N53: =ROUND(L53*M53,2) -> 0 | O53: 427.97175 | P53: =+Perfils!$G$79 -> 70.44 | Q53: =ROUND(O53*P53,2) -> 30146.33 | R53: 0 | S53: =+H53+K53+Q53+R53+N53 -> 105512.16
A54: WORDPRESS | B54: SER0610 | C54: Framework WordPress | D54: - | E54: - | F54: 23.002129 | G54: =+Perfils!$G$34 -> 70.44 | H54: =ROUND(F54*G54,2) -> 1620.27 | I54: 53.671635 | J54: =+Perfils!$G$49 -> 70.44 | K54: =ROUND(I54*J54,2) -> 3780.63 | L54: 0 | M54: =+Perfils!$G$64 -> 70.44 | N54: =ROUND(L54*M54,2) -> 0 | O54: 30.669364 | P54: =+Perfils!$G$79 -> 70.44 | Q54: =ROUND(O54*P54,2) -> 2160.35 | R54: 0 | S54: =+H54+K54+Q54+R54+N54 -> 7561.25
A55: DRUPAL | B55: SER0702 | C55: Portal Notícies | F55: 139.49418 | G55: =+Perfils!$G$34 -> 70.44 | H55: =ROUND(F55*G55,2) -> 9825.97 | I55: 325.48623 | J55: =+Perfils!$G$49 -> 70.44 | K55: =ROUND(I55*J55,2) -> 22927.25 | L55: 0 | M55: =+Perfils!$G$64 -> 70.44 | N55: =ROUND(L55*M55,2) -> 0 | O55: 185.99219 | P55: =+Perfils!$G$79 -> 70.44 | Q55: =ROUND(O55*P55,2) -> 13101.29 | R55: 0 | S55: =+H55+K55+Q55+R55+N55 -> 45854.51
A56: JAVASCRIPT | B56: SER0609 | C56: Framework Drupal | D56: - | E56: - | F56: 422.50653 | G56: =+Perfils!$G$34 -> 70.44 | H56: =ROUND(F56*G56,2) -> 29761.36 | I56: 985.84852 | J56: =+Perfils!$G$49 -> 70.44 | K56: =ROUND(I56*J56,2) -> 69443.17 | L56: 0 | M56: =+Perfils!$G$64 -> 70.44 | N56: =ROUND(L56*M56,2) -> 0 | O56: 563.34199 | P56: =+Perfils!$G$79 -> 70.44 | Q56: =ROUND(O56*P56,2) -> 39681.81 | R56: 0 | S56: =+H56+K56+Q56+R56+N56 -> 138886.34
A57: JAVASCRIPT | B57: SER0669 | C57: Framework Javascript | D57: - | E57: - | F57: 161.7385 | G57: =+Perfils!$G$34 -> 70.44 | H57: =ROUND(F57*G57,2) -> 11392.86 | I57: 377.38969 | J57: =+Perfils!$G$49 -> 70.44 | K57: =ROUND(I57*J57,2) -> 26583.33 | L57: 0 | M57: =+Perfils!$G$64 -> 70.44 | N57: =ROUND(L57*M57,2) -> 0 | O57: 215.65119 | P57: =+Perfils!$G$79 -> 70.44 | Q57: =ROUND(O57*P57,2) -> 15190.47 | R57: 0 | S57: =+H57+K57+Q57+R57+N57 -> 53166.66
A58: LIFERAY | B58: SER0184 | C58: Gestio del cicle de vida dels webs | D58: - | E58: - | F58: 140.0822 | G58: =+Perfils!$G$34 -> 70.44 | H58: =ROUND(F58*G58,2) -> 9867.39 | I58: 326.85846 | J58: =+Perfils!$G$49 -> 70.44 | K58: =ROUND(I58*J58,2) -> 23023.91 | L58: 0 | M58: =+Perfils!$G$64 -> 70.44 | N58: =ROUND(L58*M58,2) -> 0 | O58: 186.77626 | P58: =+Perfils!$G$79 -> 70.44 | Q58: =ROUND(O58*P58,2) -> 13156.52 | R58: 0 | S58: =+H58+K58+Q58+R58+N58 -> 46047.82
A59: STM | B59: SER0691 | C59: Govern de les Infraestructures web | D59: - | E59: - | F59: 110.61797 | G59: =+Perfils!$G$34 -> 70.44 | H59: =ROUND(F59*G59,2) -> 7791.93 | I59: 258.1086 | J59: =+Perfils!$G$49 -> 70.44 | K59: =ROUND(I59*J59,2) -> 18181.17 | L59: 0 | M59: =+Perfils!$G$64 -> 70.44 | N59: =ROUND(L59*M59,2) -> 0 | O59: 147.49049 | P59: =+Perfils!$G$79 -> 70.44 | Q59: =ROUND(O59*P59,2) -> 10389.23 | R59: 0 | S59: =+H59+K59+Q59+R59+N59 -> 36362.33
A60: STM | B60: SER0706 | C60: Gestió de versions (CI/CD) | F60: 110.61797 | G60: =+Perfils!$G$34 -> 70.44 | H60: =ROUND(F60*G60,2) -> 7791.93 | I60: 258.1086 | J60: =+Perfils!$G$49 -> 70.44 | K60: =ROUND(I60*J60,2) -> 18181.17 | L60: 0 | M60: =+Perfils!$G$64 -> 70.44 | N60: =ROUND(L60*M60,2) -> 0 | O60: 147.49049 | P60: =+Perfils!$G$79 -> 70.44 | Q60: =ROUND(O60*P60,2) -> 10389.23 | R60: 0 | S60: =+H60+K60+Q60+R60+N60 -> 36362.33
A61: STM | B61: SER0366 | C61: Configuració de plataformes de servei | D61: - | E61: - | F61: 236.21124 | G61: =+Perfils!$G$34 -> 70.44 | H61: =ROUND(F61*G61,2) -> 16638.72 | I61: 551.15957 | J61: =+Perfils!$G$49 -> 70.44 | K61: =ROUND(I61*J61,2) -> 38823.68 | L61: 0 | M61: =+Perfils!$G$64 -> 70.44 | N61: =ROUND(L61*M61,2) -> 0 | O61: 314.94832 | P61: =+Perfils!$G$79 -> 70.44 | Q61: =ROUND(O61*P61,2) -> 22184.96 | R61: 0 | S61: =+H61+K61+Q61+R61+N61 -> 77647.36
A62: STM | B62: SER0156 | C62: Intranet | D62: - | E62: - | F62: 509.2111 | G62: =+Perfils!$G$34 -> 70.44 | H62: =ROUND(F62*G62,2) -> 35868.83 | I62: 1188.1594 | J62: =+Perfils!$G$49 -> 70.44 | K62: =ROUND(I62*J62,2) -> 83693.95 | L62: 0 | M62: =+Perfils!$G$64 -> 70.44 | N62: =ROUND(L62*M62,2) -> 0 | O62: 678.94818 | P62: =+Perfils!$G$79 -> 70.44 | Q62: =ROUND(O62*P62,2) -> 47825.11 | R62: 0 | S62: =+H62+K62+Q62+R62+N62 -> 167387.89
A63: STM | B63: SER9999 | C63: Genèric | D63: - | E63: - | F63: 0 | G63: =+Perfils!$G$34 -> 70.44 | H63: =ROUND(F63*G63,2) -> 0 | I63: 0 | J63: =+Perfils!$G$49 -> 70.44 | K63: =ROUND(I63*J63,2) -> 0 | L63: 1916.5247 | M63: =+Perfils!$G$64 -> 70.44 | N63: =ROUND(L63*M63,2) -> 135000 | O63: 0 | P63: =+Perfils!$G$79 -> 70.44 | Q63: =ROUND(O63*P63,2) -> 0 | R63: =ROUND(R45/12*$E$50,2) -> 0 | S63: =+H63+K63+Q63+R63+N63 -> 135000
B64: Total | F64: =SUM(F52:F63) -> 2338.3995 | H64: =SUM(H52:H63) -> 164716.86 | I64: =SUM(I52:I63) -> 5456.2652 | K64: =SUM(K52:K63) -> 384339.32 | L64: =SUM(L52:L63) -> 1916.5247 | N64: =SUM(N52:N63) -> 135000 | O64: =SUM(O52:O63) -> 3117.8653 | Q64: =SUM(Q52:Q63) -> 219622.43 | R64: =SUM(R52:R63) -> 0 | S64: =SUM(S52:S63) -> 903678.61
E66: FTE | F66: =(F64/$E$50/8)/20 -> 1.8268746 | I66: =(I64/$E$50/8)/20 -> 4.2627072 | O66: =(O64/$E$14/8)/20 -> 9.743329 | S66: =SUM(F66:R66) -> 15.832911

Sheet Perfils
C2: Perfil | D2: Import €/hora amb IVA | E2: Preu/hora IVA exclòs | F2: Import màxim €/hora IVA exclòs
C3: Full Stack Developer en PYTHON | D3: =E3*0.21+E3 -> 86.9869 | E3: 71.89 | F3: =71.89 -> 71.89
C4: Consultor/a sènior Wordpress | D4: =E4*0.21+E4 -> 79.0735 | E4: 65.35 | F4: =65.35 -> 65.35
C5: Full Stack Developer en DRUPAL | D5: =E5*0.21+E5 -> 86.9869 | E5: 71.89 | F5: =71.89 -> 71.89
C6: Consultor/a sènior DRUPAL | D6: =E6*0.21+E6 -> 68.3166 | E6: 56.46 | F6: 56.46
C7: Consultor/a júnior DRUPAL | D7: =E7*0.21+E7 -> 61.0566 | E7: 50.46 | F7: 50.46
C8: Consultor/a sènior JAVASCRIP | D8: =E8*0.21+E8 -> 68.3166 | E8: 56.46 | F8: 56.46
C9: Consultor/a sènior JAVASCRIP SPA | D9: =E9*0.21+E9 -> 68.3166 | E9: 56.46 | F9: 56.46
C10: Analista programador/a LIFERAY | D10: =E10*0.21+E10 -> 67.4817 | E10: 55.77 | F10: 55.77
C11: Arquitecte/a LIFERAY | D11: =E11*0.21+E11 -> 86.9869 | E11: 71.89 | F11: =71.89 -> 71.89
C12: Arquitecte/a DevOps | D12: =E12*0.21+E12 -> 86.9869 | E12: 71.89 | F12: =71.89 -> 71.89
C13: Consultor/a referent Serveis Transversals | D13: =E13*0.21+E13 -> 68.3166 | E13: 56.46 | F13: 56.46
C14: Suport sènior Serveis Transversals | D14: =E14*0.21+E14 -> 58.3946 | E14: 48.26 | F14: 48.26
C15: Suport júnior Serveis Transversals | D15: =E15*0.21+E15 -> 51.3524 | E15: 42.44 | F15: 42.44
C16: Cap de projecte sènior | D16: =E16*0.21+E16 -> 89.7699 | E16: 74.19 | F16: 74.19
B19: Servei plec | C19: Perfil | D19: % dedicació | E19: Preu perfil IVA inclòs | F19: Preu perfil IVA exclòs | G19: Preu / hora /perfil
B20: Manteniment correctiu | C20: =$C$3 -> Full Stack Developer en PYTHON | D20: 0.13745704 | E20: =$D$3 -> 86.9869 | F20: =$E$3 -> 71.89 | G20: =E20*D20 -> 11.956962
C21: =$C$4 -> Consultor/a sènior Wordpress | D21: 0.010309278 | E21: =$D$4 -> 79.0735 | F21: =$E$4 -> 65.35 | G21: =E21*D21 -> 0.81519072
C22: =+$C$5 -> Full Stack Developer en DRUPAL | D22: 0.068728522 | E22: =$D$5 -> 86.9869 | F22: =$E$5 -> 71.89 | G22: =E22*D22 -> 5.9784811
C23: =$C$6 -> Consultor/a sènior DRUPAL | D23: 0.068728522 | E23: =$D$6 -> 68.3166 | F23: =$E$6 -> 56.46 | G23: =E23*D23 -> 4.695299
C24: =$C$7 -> Consultor/a júnior DRUPAL | D24: 0.068728522 | E24: =$D$7 -> 61.0566 | F24: =$E$7 -> 50.46 | G24: =E24*D24 -> 4.1963299
C25: =$C$8 -> Consultor/a sènior JAVASCRIP | D25: 0.034364261 | E25: =$D$8 -> 68.3166 | F25: =$E$8 -> 56.46 | G25: =E25*D25 -> 2.3476495
C26: =$C$9 -> Consultor/a sènior JAVASCRIP SPA | D26: 0.034364261 | E26: =$D$9 -> 68.3166 | F26: =$E$9 -> 56.46 | G26: =E26*D26 -> 2.3476495
C27: =$C$10 -> Analista programador/a LIFERAY | D27: 0.13745704 | E27: =$D$10 -> 67.4817 | F27: =$E$10 -> 55.77 | G27: =E27*D27 -> 9.2758351
C28: =$C$11 -> Arquitecte/a LIFERAY | D28: 0.013745704 | E28: =$D$11 -> 86.9869 | F28: =$E$11 -> 71.89 | G28: =E28*D28 -> 1.1956962
C29: =$C$12 -> Arquitecte/a DevOps | D29: 0.013745704 | E29: =$D$12 -> 86.9869 | F29: =$E$12 -> 71.89 | G29: =E29*D29 -> 1.1956962
C30: =$C$13 -> Consultor/a referent Serveis Transversals | D30: 0.068728522 | E30: =$D$13 -> 68.3166 | F30: =$E$13 -> 56.46 | G30: =E30*D30 -> 4.695299
C31: =$C$14 -> Suport sènior Serveis Transversals | D31: 0.20618557 | E31: =$D$14 -> 58.3946 | F31: =$E$14 -> 48.26 | G31: =E31*D31 -> 12.040124
C32: =$C$15 -> Suport júnior Serveis Transversals | D32: 0.068728522 | E32: =$D$15 -> 51.3524 | F32: =$E$15 -> 42.44 | G32: =E32*D32 -> 3.5293746
C33: =$C$16 -> Cap de projecte sènior | D33: 0.068728522 | E33: =$D$16 -> 89.7699 | F33: =$E$16 -> 74.19 | G33: =E33*D33 -> 6.1697526
C34: Preu perfil tipus | G34: =ROUND(SUM(G20:G33),2) -> 70.44 | H34: =SUM(D20:D33) -> 1
B35: Manteniment recurrent | C35: =$C$3 -> Full Stack Developer en PYTHON | D35: 0.13745704 | E35: =$D$3 -> 86.9869 | F35: =$E$3 -> 71.89 | G35: =E35*D35 -> 11.956962
C36: =$C$4 -> Consultor/a sènior Wordpress | D36: 0.010309278 | E36: =$D$4 -> 79.0735 | F36: =$E$4 -> 65.35 | G36: =E36*D36 -> 0.81519072
C37: =+$C$5 -> Full Stack Developer en DRUPAL | D37: 0.068728522 | E37: =$D$5 -> 86.9869 | F37: =$E$5 -> 71.89 | G37: =E37*D37 -> 5.9784811
C38: =$C$6 -> Consultor/a sènior DRUPAL | D38: 0.068728522 | E38: =$D$6 -> 68.3166 | F38: =$E$6 -> 56.46 | G38: =E38*D38 -> 4.695299
C39: =$C$7 -> Consultor/a júnior DRUPAL | D39: 0.068728522 | E39: =$D$7 -> 61.0566 | F39: =$E$7 -> 50.46 | G39: =E39*D39 -> 4.1963299
C40: =$C$8 -> Consultor/a sènior JAVASCRIP | D40: 0.034364261 | E40: =$D$8 -> 68.3166 | F40: =$E$8 -> 56.46 | G40: =E40*D40 -> 2.3476495
C41: =$C$9 -> Consultor/a sènior JAVASCRIP SPA | D41: 0.034364261 | E41: =$D$9 -> 68.3166 | F41: =$E$9 -> 56.46 | G41: =E41*D41 -> 2.3476495
C42: =$C$10 -> Analista programador/a LIFERAY | D42: 0.13745704 | E42: =$D$10 -> 67.4817 | F42: =$E$10 -> 55.77 | G42: =E42*D42 -> 9.2758351
C43: =$C$11 -> Arquitecte/a LIFERAY | D43: 0.013745704 | E43: =$D$11 -> 86.9869 | F43: =$E$11 -> 71.89 | G43: =E43*D43 -> 1.1956962
C44: =$C$12 -> Arquitecte/a DevOps | D44: 0.013745704 | E44: =$D$12 -> 86.9869 | F44: =$E$12 -> 71.89 | G44: =E44*D44 -> 1.1956962
C45: =$C$13 -> Consultor/a referent Serveis Transversals | D45: 0.068728522 | E45: =$D$13 -> 68.3166 | F45: =$E$13 -> 56.46 | G45: =E45*D45 -> 4.695299
C46: =$C$14 -> Suport sènior Serveis Transversals | D46: 0.20618557 | E46: =$D$14 -> 58.3946 | F46: =$E$14 -> 48.26 | G46: =E46*D46 -> 12.040124
C47: =$C$15 -> Suport júnior Serveis Transversals | D47: 0.068728522 | E47: =$D$15 -> 51.3524 | F47: =$E$15 -> 42.44 | G47: =E47*D47 -> 3.5293746
C48: =$C$16 -> Cap de projecte sènior | D48: 0.068728522 | E48: =$D$16 -> 89.7699 | F48: =$E$16 -> 74.19 | G48: =E48*D48 -> 6.1697526
B49: Serveis d’evolutius recurrents | C49: Preu perfil tipus | G49: =ROUND(SUM(G35:G48),2) -> 70.44 | H49: =SUM(D35:D48) -> 1
C50: =$C$3 -> Full Stack Developer en PYTHON | D50: 0.13745704 | E50: =$D$3 -> 86.9869 | F50: =$E$3 -> 71.89 | G50: =E50*D50 -> 11.956962
C51: =$C$4 -> Consultor/a sènior Wordpress | D51: 0.010309278 | E51: =$D$4 -> 79.0735 | F51: =$E$4 -> 65.35 | G51: =E51*D51 -> 0.81519072
C52: =+$C$5 -> Full Stack Developer en DRUPAL | D52: 0.068728522 | E52: =$D$5 -> 86.9869 | F52: =$E$5 -> 71.89 | G52: =E52*D52 -> 5.9784811
C53: =$C$6 -> Consultor/a sènior DRUPAL | D53: 0.068728522 | E53: =$D$6 -> 68.3166 | F53: =$E$6 -> 56.46 | G53: =E53*D53 -> 4.695299
C54: =$C$7 -> Consultor/a júnior DRUPAL | D54: 0.068728522 | E54: =$D$7 -> 61.0566 | F54: =$E$7 -> 50.46 | G54: =E54*D54 -> 4.1963299
C55: =$C$8 -> Consultor/a sènior JAVASCRIP | D55: 0.034364261 | E55: =$D$8 -> 68.3166 | F55: =$E$8 -> 56.46 | G55: =E55*D55 -> 2.3476495
C56: =$C$9 -> Consultor/a sènior JAVASCRIP SPA | D56: 0.034364261 | E56: =$D$9 -> 68.3166 | F56: =$E$9 -> 56.46 | G56: =E56*D56 -> 2.3476495
C57: =$C$10 -> Analista programador/a LIFERAY | D57: 0.13745704 | E57: =$D$10 -> 67.4817 | F57: =$E$10 -> 55.77 | G57: =E57*D57 -> 9.2758351
C58: =$C$11 -> Arquitecte/a LIFERAY | D58: 0.013745704 | E58: =$D$11 -> 86.9869 | F58: =$E$11 -> 71.89 | G58: =E58*D58 -> 1.1956962
C59: =$C$12 -> Arquitecte/a DevOps | D59: 0.013745704 | E59: =$D$12 -> 86.9869 | F59: =$E$12 -> 71.89 | G59: =E59*D59 -> 1.1956962
C60: =$C$13 -> Consultor/a referent Serveis Transversals | D60: 0.068728522 | E60: =$D$13 -> 68.3166 | F60: =$E$13 -> 56.46 | G60: =E60*D60 -> 4.695299
C61: =$C$14 -> Suport sènior Serveis Transversals | D61: 0.20618557 | E61: =$D$14 -> 58.3946 | F61: =$E$14 -> 48.26 | G61: =E61*D61 -> 12.040124
C62: =$C$15 -> Suport júnior Serveis Transversals | D62: 0.068728522 | E62: =$D$15 -> 51.3524 | F62: =$E$15 -> 42.44 | G62: =E62*D62 -> 3.5293746
C63: =$C$16 -> Cap de projecte sènior | D63: 0.068728522 | E63: =$D$16 -> 89.7699 | F63: =$E$16 -> 74.19 | G63: =E63*D63 -> 6.1697526
C64: Preu perfil tipus | G64: =ROUND(SUM(G50:G63),2) -> 70.44 | H64: =SUM(D50:D63) -> 1
B65: Serveis Transversals de Manteniment | C65: =$C$3 -> Full Stack Developer en PYTHON | D65: 0.13745704 | E65: =$D$3 -> 86.9869 | F65: =$E$3 -> 71.89 | G65: =E65*D65 -> 11.956962
C66: =$C$4 -> Consultor/a sènior Wordpress | D66: 0.010309278 | E66: =$D$4 -> 79.0735 | F66: =$E$4 -> 65.35 | G66: =E66*D66 -> 0.81519072
C67: =+$C$5 -> Full Stack Developer en DRUPAL | D67: 0.068728522 | E67: =$D$5 -> 86.9869 | F67: =$E$5 -> 71.89 | G67: =E67*D67 -> 5.9784811
C68: =$C$6 -> Consultor/a sènior DRUPAL | D68: 0.068728522 | E68: =$D$6 -> 68.3166 | F68: =$E$6 -> 56.46 | G68: =E68*D68 -> 4.695299
C69: =$C$7 -> Consultor/a júnior DRUPAL | D69: 0.068728522 | E69: =$D$7 -> 61.0566 | F69: =$E$7 -> 50.46 | G69: =E69*D69 -> 4.1963299
C70: =$C$8 -> Consultor/a sènior JAVASCRIP | D70: 0.034364261 | E70: =$D$8 -> 68.3166 | F70: =$E$8 -> 56.46 | G70: =E70*D70 -> 2.3476495
C71: =$C$9 -> Consultor/a sènior JAVASCRIP SPA | D71: 0.034364261 | E71: =$D$9 -> 68.3166 | F71: =$E$9 -> 56.46 | G71: =E71*D71 -> 2.3476495
C72: =$C$10 -> Analista programador/a LIFERAY | D72: 0.13745704 | E72: =$D$10 -> 67.4817 | F72: =$E$10 -> 55.77 | G72: =E72*D72 -> 9.2758351
C73: =$C$11 -> Arquitecte/a LIFERAY | D73: 0.013745704 | E73: =$D$11 -> 86.9869 | F73: =$E$11 -> 71.89 | G73: =E73*D73 -> 1.1956962
C74: =$C$12 -> Arquitecte/a DevOps | D74: 0.013745704 | E74: =$D$12 -> 86.9869 | F74: =$E$12 -> 71.89 | G74: =E74*D74 -> 1.1956962
C75: =$C$13 -> Consultor/a referent Serveis Transversals | D75: 0.068728522 | E75: =$D$13 -> 68.3166 | F75: =$E$13 -> 56.46 | G75: =E75*D75 -> 4.695299
C76: =$C$14 -> Suport sènior Serveis Transversals | D76: 0.20618557 | E76: =$D$14 -> 58.3946 | F76: =$E$14 -> 48.26 | G76: =E76*D76 -> 12.040124
C77: =$C$15 -> Suport júnior Serveis Transversals | D77: 0.068728522 | E77: =$D$15 -> 51.3524 | F77: =$E$15 -> 42.44 | G77: =E77*D77 -> 3.5293746
C78: =$C$16 -> Cap de projecte sènior | D78: 0.068728522 | E78: =$D$16 -> 89.7699 | F78: =$E$16 -> 74.19 | G78: =E78*D78 -> 6.1697526
C79: Preu perfil tipus | G79: =ROUND(SUM(G65:G78),2) -> 70.44 | H79: =SUM(D65:D78) -> 1

Sheet Taules IJ
A2: Distribució de pressupost per any i per servei
B4: 2023 | E4: 2024 | H4: 2025 | K4: 2026
A5: Serveis | B5: Import net | C5: IVA 21% | D5: Import total | E5: Import net | F5: IVA 21% | G5: Import total | H5: Import net | I5: IVA 21% | J5: Import total | K5: Import net | L5: IVA 21% | M5: Import total | N5: Total import net | O5: Total IVA 21% | P5: Total import contracte
A6: Manteniment correctiu | B6: =ROUND('Càlcul pressupost'!F6/1.21,2) -> 34032.41 | C6: =ROUND(B6*0.21,2) -> 7146.81 | D6: =+B6+C6 -> 41179.22 | E6: =ROUND('Càlcul pressupost'!G6/1.21,2) -> 204194.44 | F6: =ROUND(E6*0.21,2) -> 42880.83 | G6: =+E6+F6 -> 247075.27 | H6: =ROUND('Càlcul pressupost'!H6/1.21,2) -> 204194.44 | I6: =ROUND(H6*0.21,2) -> 42880.83 | J6: =+H6+I6 -> 247075.27 | K6: =ROUND('Càlcul pressupost'!I6/1.21,2) -> 136129.64 | L6: =ROUND(K6*0.21,2) -> 28587.22 | M6: =+K6+L6 -> 164716.86 | N6: =+B6+E6+H6+K6 -> 578550.93 | O6: =+C6+F6+I6+L6 -> 121495.69 | P6: =+D6+G6+J6+M6 -> 700046.62
A7: Manteniment recurrent | B7: =ROUND('Càlcul pressupost'!F7/1.21,2) -> 119113.42 | C7: =ROUND(B7*0.21,2) -> 25013.82 | D7: =+B7+C7 -> 144127.24 | E7: =ROUND('Càlcul pressupost'!G7/1.21,2) -> 476453.71 | F7: =ROUND(E7*0.21,2) -> 100055.28 | G7: =+E7+F7 -> 576508.99 | H7: =ROUND('Càlcul pressupost'!H7/1.21,2) -> 476453.71 | I7: =ROUND(H7*0.21,2) -> 100055.28 | J7: =+H7+I7 -> 576508.99 | K7: =ROUND('Càlcul pressupost'!I7/1.21,2) -> 317635.8 | L7: =ROUND(K7*0.21,2) -> 66703.52 | M7: =+K7+L7 -> 384339.32 | N7: =+B7+E7+H7+K7 -> 1389656.6 | O7: =+C7+F7+I7+L7 -> 291827.9 | P7: =+D7+G7+J7+M7 -> 1681484.5
A8: Serveis d’evolutius recurrents | B8: =ROUND('Càlcul pressupost'!F8/1.21,2) -> 41322.31 | C8: =ROUND(B8*0.21,2) -> 8677.69 | D8: =+B8+C8 -> 50000 | E8: =ROUND('Càlcul pressupost'!G8/1.21,2) -> 140495.87 | F8: =ROUND(E8*0.21,2) -> 29504.13 | G8: =+E8+F8 -> 170000 | H8: =ROUND('Càlcul pressupost'!H8/1.21,2) -> 140495.87 | I8: =ROUND(H8*0.21,2) -> 29504.13 | J8: =+H8+I8 -> 170000 | K8: =ROUND('Càlcul pressupost'!I8/1.21,2) -> 111570.25 | L8: =ROUND(K8*0.21,2) -> 23429.75 | M8: =+K8+L8 -> 135000 | N8: =+B8+E8+H8+K8 -> 433884.3 | O8: =+C8+F8+I8+L8 -> 91115.7 | P8: =+D8+G8+J8+M8 -> 525000
A9: Serveis Transversals de Manteniment | B9: =ROUND('Càlcul pressupost'!F9/1.21,2) -> 45376.54 | C9: =ROUND(B9*0.21,2) -> 9529.07 | D9: =+B9+C9 -> 54905.61 | E9: =ROUND('Càlcul pressupost'!G9/1.21,2) -> 272259.22 | F9: =ROUND(E9*0.21,2) -> 57174.44 | G9: =+E9+F9 -> 329433.66 | H9: =ROUND('Càlcul pressupost'!H9/1.21,2) -> 272259.22 | I9: =ROUND(H9*0.21,2) -> 57174.44 | J9: =+H9+I9 -> 329433.66 | K9: =ROUND('Càlcul pressupost'!I9/1.21,2) -> 181506.14 | L9: =ROUND(K9*0.21,2) -> 38116.29 | M9: =+K9+L9 -> 219622.43 | N9: =+B9+E9+H9+K9 -> 771401.12 | O9: =+C9+F9+I9+L9 -> 161994.24 | P9: =+D9+G9+J9+M9 -> 933395.36
B10: =SUM(B6:B9) -> 239844.68 | C10: =SUM(C6:C9) -> 50367.39 | D10: =SUM(D6:D9) -> 290212.07 | E10: =SUM(E6:E9) -> 1093403.2 | F10: =SUM(F6:F9) -> 229614.68 | G10: =SUM(G6:G9) -> 1323017.9 | H10: =SUM(H6:H9) -> 1093403.2 | I10: =SUM(I6:I9) -> 229614.68 | ... P10: =SUM(P6:P9) -> 3839926.5
A12: Distribució de pressupost per any
A14: TOTAL
A15: Any | B15: Pressupost net | C15: IVA | D15: Import total
A16: 2023 | B16: =+B10 -> 239844.68 | C16: =+C10 -> 50367.39 | D16: =+B16+C16 -> 290212.07 | E16: (*) L'import total de l'IVA correspon al sumatori dels imports individuals detallats a la taula anterior (fila 10, columnes C, F, I, L) i no a l'aplicació directa de l'IVA actual del 21% sobre el pressupost net totalitzat (files 16 a 19 columna B).
A17: 2024 | B17: =+E10 -> 1093403.2 | C17: =+F10 -> 229614.68 | D17: =+G10 -> 1323017.9
A18: 2025 | B18: =+H10 -> 1093403.2 | C18: =+I10 -> 229614.68 | D18: =+J10 -> 1323017.9
A19: 2026 | B19: =+K10 -> 746841.83 | C19: =+L10 -> 156836.78 | D19: =+M10 -> 903678.61
A20: Total | B20: =SUM(B16:B19) -> 3173493 | C20: =SUM(C16:C19) -> 666433.53 | D20: =SUM(D16:D19) -> 3839926.5
D21: =+B20*1.21 -> 3839926.5
A22: Distribució de pressupost per any
A24: Any | B24: Capítol | C24: Import total | D24: Pressupost net | E24: IVA
A25: 2023 | B25: II | C25: =D6+D7+D9 -> 240212.07 | D25: =B6+B7+B9 -> 198522.37 | E25: =C6+C7+C9 -> 41689.7
A26: 2023 | B26: VI | C26: =D8 -> 50000 | D26: =B8 -> 41322.31 | E26: =C8 -> 8677.69
A27: 2024 | B27: II | C27: =G6+G7+G9 -> 1153017.9 | D27: =E6+E7+E9 -> 952907.37 | E27: =F6+F7+F9 -> 200110.55
A28: 2024 | B28: VI | C28: =G8 -> 170000 | D28: =E8 -> 140495.87 | E28: =F8 -> 29504.13
A29: 2025 | B29: II | C29: =J6+J7+J9 -> 1153017.9 | D29: =H6+H7+H9 -> 952907.37 | E29: =I6+I7+I9 -> 200110.55
A30: 2025 | B30: VI | C30: =J8 -> 170000 | D30: =H8 -> 140495.87 | E30: =I8 -> 29504.13
A31: 2026 | B31: II | C31: =M6+M7+M9 -> 768678.61 | D31: =K6+K7+K9 -> 635271.58 | E31: =L6+L7+L9 -> 133407.03
A32: 2026 | B32: VI | C32: =+M8 -> 135000 | D32: =+K8 -> 111570.25 | E32: =+L8 -> 23429.75
A33: Total | C33: =SUM(C25:C32) -> 3839926.5 | D33: =SUM(D25:D32) -> 3173493 | E33: =SUM(E25:E32) -> 666433.53
A35: Modificacions de contracte: ampliació / disminució
A36: Causes previstes de modificació | B36: Import contracte (IVA inclòs) | C36: % Ampliació sobre import del contracte | D36: Import màxim ampliació (amb IVA) | E36: % Disminució sobre import del contracte | F36: Import màxim disminució (amb IVA)
A37: Modificacions per augment o disminució de volumetries en Serveis/Aplicacions | B37: =$D$20 -> 3839926.5 | C37: 0.2 | D37: =+ROUND(B37*C37,2) -> 767985.3 | E37: 0.2 | F37: =+ROUND(B37*E37,2) -> 767985.3
A38: TOTAL | B38: =SUM(B37:B37) -> 3839926.5 | C38: =SUM(C37:C37) -> 0.2 | D38: =SUM(D37:D37) -> 767985.3 | E38: =SUM(E37:E37) -> 0.2 | F38: =SUM(F37:F37) -> 767985.3
D39: =+ROUND(D38/1.21,2) -> 634698.6 | F39: =+ROUND(F38/1.21,2) -> 634698.6
D40: IVA EXCLÒS | F40: IVA EXCLÒS
A41: VEC
B43: VE prestació | C43: VE eventuals pròrrogues | D43: VE modificacions contracte amb increment de cost previstes | E43: VE modificacions contracte amb disminució de cost previstes | F43: SUMA
A44: 2023 | B44: =+B16 -> 239844.68 | D44: =ROUND(G44/$G$50*$D$39,2) -> 28399.36 | E44: =ROUND(-G44/$G$50*$F$39,2) -> -28399.36 | F44: =SUM(B44:D44) -> 268244.04 | G44: =+B44+C44 -> 239844.68
A45: 2024 | B45: =+B17 -> 1093403.2 | D45: =ROUND(G45/$G$50*$D$39,2) -> 129466.93 | E45: =ROUND(-G45/$G$50*$F$39,2) -> -129466.93 | F45: =SUM(B45:D45) -> 1222870.2 | G45: =+B45+C45 -> 1093403.2
A46: 2025 | B46: =+B18 -> 1093403.2 | D46: =ROUND(G46/$G$50*$D$39,2) -> 129466.93 | E46: =ROUND(-G46/$G$50*$F$39,2) -> -129466.93 | F46: =SUM(B46:D46) -> 1222870.2 | G46: =+B46+C46 -> 1093403.2
A47: 2026 | B47: =+B19 -> 746841.83 | C47: =+B46-B47 -> 346561.41 | D47: =ROUND(G47/$G$50*$D$39,2) -> 129466.93 | E47: =ROUND(-G47/$G$50*$F$39,2) -> -129466.93 | F47: =SUM(B47:D47) -> 1222870.2 | G47: =+B47+C47 -> 1093403.2
A48: 2027 | C48: =+B46 -> 1093403.2 | D48: =ROUND(G48/$G$50*$D$39,2) -> 129466.93 | E48: =ROUND(-G48/$G$50*$F$39,2) -> -129466.93 | F48: =SUM(B48:D48) -> 1222870.2 | G48: =+B48+C48 -> 1093403.2
A49: 2028 | C49: =+B47 -> 746841.83 | D49: =ROUND(G49/$G$50*$D$39,2)-0.01 -> 88431.52 | E49: =ROUND(-G49/$G$50*$F$39,2)+0.01 -> -88431.52 | F49: =SUM(B49:D49) -> 835273.35 | G49: =+B49+C49 -> 746841.83
A50: Total | B50: =SUM(B44:B49) -> 3173493 | C50: =SUM(C44:C49) -> 2186806.5 | D50: =SUM(D44:D49) -> 634698.6 | E50: =SUM(E44:E49) -> -634698.6 | F50: =SUM(F44:F49) -> 5994998.1 | G50: =SUM(G44:G49) -> 5360299.5
A55: VEC | B55: Marges possibles solvènvia
A56: =+F50 -> 5994998.1 | B56: Solvència económica | D56: Solvència tècnica
A57: Anys de contracte | B57: ACONSELLABLE | C57: MÀXIM | D57: MÍNIM | E57: MÀXIM
A58: 5 | B58: =+C58/A58 -> 1798499.4 | C58: =1.5*A56 -> 8992497.1 | D58: =ROUND(A56*2/3/A58,2) -> 799333.08 | E58: =+C58 -> 8992497.1
B59: 1,5 x VEC / anys de contracte | C59: 1,5 x VEC | D59: 2/3 VEC / anys de contracte | E59: 1,5 x VEC

Sheet Costos Indirectes
A2: CÀLCUL COSTOS DIRECTES I INDIRECTES PEL PROJECTE
C4: Preu IVA exclòs | D4: Benefici Industrial (20%) | E4: Cost Total | F4: Cost Indirecte (6,4 %) | G4: Suma costos Indirectes | H4: Cost personal | I4: Seguretat Social (34%) | J4: Salari Brut | K4: Suma costos directes
C5: ='Taules IJ'!B20 -> 3173493 | D5: =ROUND(C5*0.2, 2) -> 634698.6 | E5: =ROUND(C5-D5, 2) -> 2538794.4 | F5: =ROUND(C5*0.064, 2) -> 203103.55 | G5: =ROUND(D5+F5, 2) -> 837802.15 | H5: =ROUND(E5-F5, 2) -> 2335690.8 | I5: =ROUND(H5*(0.34/1.34), 2) -> 592637.97 | J5: =ROUND(H5-I5, 2) -> 1743052.9 | K5: =+H5 -> 2335690.8
C7: Costos directes:
C8: Costos salarials - Salari Brut | D8: =J5 -> 1743052.9
C9: Costos salarials - Seguretat Social (34%)* | D9: =I5 -> 592637.97
C10: TOTAL (Suma costos directes) | D10: =+K5 -> 2335690.8
C12: Costos indirectes:
C13: Despeses generals d’estructura (6,40%)** | D13: =F5 -> 203103.55
C14: Benefici industrial (20%)** | D14: =D5 -> 634698.6
C15: TOTAL (Suma costos indirectes) | D15: =G5 -> 837802.15
C17: TOTAL DE COSTOS (directes + indirectes): | D17: =D10+D15 -> 3173493
C18: *Percentatge calculat sobre el salari brut.
C19: **Percentatge calculat sobre el cost total del contracte.

Sheet Taula LOT-SERV-APP
A1: Contracte | B1: Servei | C1: Aplicació | D1: Lot X | E1: 2 lots!!
A2: G0389 | B2: SER0044 | C2: APP0860-SAP Subvencions | D2: 2
A3: G0389 | B3: SER0044 | C3: APP0861-SAP Convenis | D3: 2
A4: G0389 | B4: SER0044 | C4: APP0943-Expedient bustia etica | D4: 2
A5: G0389 | B5: SER0412 | C5: APP0867-Recepció factura electrònica | D5: 2
A6: G0389 | B6: SER0412 | C6: APP0864-Emissio factura electrònica | D6: 2
A7: G0389 | B7: SER0411 | C7: APP0866-FENS | D7: 2
A8: G0389 | B8: SER0474 | C8: APP0896-Gestió de bestretes | D8: 2
A9: G0389 | B9: SER0473 | C9: APP0895-Expedients economics(core) | D9: 2
A10: G0389 | B10: SER0038 | C10: APP0150-Compres | D10: 2
A11: G0389 | B11: SER0474 | C11: APP0898-Autorització de viatges | D11: 2
A13: G0389 | B13: SER0031 | C13: APP0176-COPERNICO | D13: 1
A14: G0389 | B14: SER0031 | C14: APP0719-Digitalització actes del plenari | D14: 1
... A34: G0074 | B34: SER0150 | C34: APP0071-Autorització comissió de servei | D34: 1
A36: Quden fora d'abast:
A37: GR | B37: SER0028 | C37: APP0360-Inmagic | D37: No | E37: Producte
A38: GR | B38: SER0028 | C38: APP0859-Unicorn-hyperion | D38: No
A39: GR | B39: SER0028 | C39: APP0868-Albala | D39: No
A40: GR | B40: SER0044 | C40: APP0262-eSubvencions | D40: No | E40: Contrato a parte
A41: GR | B41: Governança de serveis i projectes | D41: No
A42: GR | B42: Governança de gestió d'actius | D42: No
A43: GR | B43: Bustia etica | D43: No
A45: G0026 | B45: SER0028 | C45: APP0858-BCNROC | D45: No | E45: Producte
A46: G0024 | B46: SER0204 | C46: APP0862-Gestió Actius | D46: No
A47: G0004 | B47: SER0032 | C47: APP0373-INFOLEX | D47: No | E47: Producte
A48: G0004 | B48: SER0032 | C48: APP0865-Infolex de consulta | D48: No | E48: Producte
A49: G0018 | B49: SER0046 | C49: APP0169-Consums energetics | D49: No
A50: G0018 | B50: SER0047 | C50: APP0421-Manteniment Edificis | D50: No
A51: ? | C51: BKM | D51: No | E51: Producte
A52: Mediacloud | B52: SER0031 | C52: APP0478-Organismes Municipals | D52: No

Sheet Taula Estimació de dades
A1: LOT 2
A2: Contracte | B2: Servei | C2: Aplicació | D2: h Manteniment correctiu | E2: Preu/hora | F2: € Manteniment correctiu | G2: h Manteniment recurrent | H2: Preu/hora | I2: € Manteniment recurrent | J2: h OT | K2: Preu/hora | L2: € OT | M2: DATA INICI NOUS SERVEIS
A3: G0389 | B3: SER0044 | C3: APP0860-SAP Subvencions | D3: 75.29 | E3: 53.57 | F3: =D3*E3 -> 4033.2853 | G3: 570 | H3: 53.57 | I3: =G3*H3 -> 30534.9 | J3: 96.7935 | K3: 57.5 | L3: =J3*K3 -> 5565.6263
A4: G0389 | B4: SER0044 | C4: APP0861-SAP Convenis | D4: 288.60029 | E4: 53.57 | F4: =D4*E4 -> 15460.317 | G4: 577.20058 | H4: 53.57 | I4: =G4*H4 -> 30920.635 | J4: 129.87013 | K4: 57.5 | L4: =J4*K4 -> 7467.5325
A5: G0389 | B5: SER0044 | C5: APP0943-Expedient bustia etica | D5: 29.106349 | E5: 53.57 | F5: =D5*E5 -> 1559.2271 | G5: 89.798846 | H5: 53.57 | I5: =G5*H5 -> 4810.5242 | J5: 17.835779 | K5: 57.5 | L5: =J5*K5 -> 1025.5573
A6: G0389 | B6: SER0412 | C6: APP0867-Recepció factura electrònica | D6: 200 | E6: 53.57 | F6: =D6*E6 -> 10714 | G6: 220 | H6: 53.57 | I6: =G6*H6 -> 11785.4 | J6: 63 | K6: 57.5 | L6: =J6*K6 -> 3622.5
A7: G0389 | B7: SER0412 | C7: APP0864-Emissio factura electrònica | D7: 36.492063 | E7: 53.57 | F7: =D7*E7 -> 1954.8798 | G7: 72.984127 | H7: 53.57 | I7: =G7*H7 -> 3909.7597 | J7: 16.421429 | K7: 57.5 | L7: =J7*K7 -> 944.23214
A8: G0389 | B8: SER0411 | C8: APP0866-FENS | D8: 20 | E8: 53.57 | F8: =D8*E8 -> 1071.4 | G8: 85 | H8: 53.57 | I8: =G8*H8 -> 4553.45 | J8: 15.75 | K8: 57.5 | L8: =J8*K8 -> 905.625
A9: G0389 | B9: SER0474 | C9: APP0896-Gestió de bestretes | D9: 103.671 | E9: 53.57 | F9: =D9*E9 -> 5553.6552 | G9: 434.23719 | H9: 53.57 | I9: =G9*H9 -> 23262.086 | J9: 80.686227 | K9: 57.5 | L9: =J9*K9 -> 4639.4581
A10: G0389 | B10: SER0473 | C10: APP0895-Expedients economics(core) | D10: 0 | E10: 53.57 | F10: =D10*E10 -> 0 | G10: 202.4 | H10: 53.57 | I10: =G10*H10 -> 10842.568 | J10: 30.36 | K10: 57.5 | L10: =J10*K10 -> 1745.7
A11: G0389 | B11: SER0038 | C11: APP0150-Compres | D11: 0 | E11: 53.57 | F11: =D11*E11 -> 0 | G11: 159.03 | H11: 53.57 | I11: =G11*H11 -> 8519.2371 | J11: 23.8545 | K11: 57.5 | L11: =J11*K11 -> 1371.6337 | N11: Varia de molt poc
A12: G0389 | B12: SER0474 | C12: APP0898-Autorització de viatges | D12: 0 | E12: 53.57 | F12: =D12*E12 -> 0 | G12: 0 | H12: 53.57 | I12: =G12*H12 -> 0 | J12: 0 | K12: 57.5 | L12: =J12*K12 -> 0
A13: GR | B13: SER0044 | C13: APP0262-eSubvencions | D13: 288.60029 | E13: 53.57 | F13: =D13*E13 -> 15460.317 | G13: 649.35065 | H13: 53.57 | I13: =G13*H13 -> 34785.714 | J13: 140.69264 | K13: 57.5 | L13: =J13*K13 -> 8089.8268 | M13: 43466
D14: =SUM(D3:D13) -> 1041.76 | F14: =SUM(F3:F13) -> 55807.082 | G14: =SUM(G3:G13) -> 3060.0014 | I14: =SUM(I3:I13) -> 163924.27 | J14: =SUM(J3:J13) -> 615.26421 | L14: =SUM(L3:L13) -> 35377.692
A16: A partir de 16/05/2018
A17: Contracte | B17: Servei | C17: Aplicació | D17: h Manteniment correctiu | E17: h A partir 16/05/2018 | F17: Preu/hora | G17: € Manteniment correctiu | H17: h Manteniment recurrent | I17: h A partir 16/05/2018 | J17: Preu/hora | K17: € Manteniment recurrent | L17: h OT | M17: h A partir 16/05/2018 | N17: Preu/hora | O17: € OT | P17: DATA INICI NOUS SERVEIS
A18: G0389 | B18: SER0044 | C18: APP0860-SAP Subvencions | D18: 75.29 | E18: =D18/365*197.5 -> 40.73911 | F18: 53.57 | G18: =E18*F18 -> 2182.3941 | H18: 570 | I18: =H18/365*197.5 -> 308.42466 | J18: 53.57 | K18: =I18*J18 -> 16522.309 | L18: 96.7935 | M18: =L18/365*197.5 -> 52.374565 | N18: 57.5 | O18: =M18*N18 -> 3011.5375
A19: G0389 | B19: SER0044 | C19: APP0861-SAP Convenis | D19: 288.60029 | E19: =D19/365*197.5 -> 156.16043 | F19: 53.57 | G19: =E19*F19 -> 8365.5142 | H19: 577.20058 | I19: =H19/365*197.5 -> 312.32086 | J19: 53.57 | K19: =I19*J19 -> 16731.028 | L19: 129.87013 | M19: =L19/365*197.5 -> 70.272194 | N19: 57.5 | O19: =M19*N19 -> 4040.6511
A20: G0389 | B20: SER0044 | C20: APP0943-Expedient bustia etica | D20: 29.106349 | E20: =D20/365*197.5 -> 15.749326 | F20: 53.57 | G20: =E20*F20 -> 843.69139 | H20: 89.798846 | I20: =H20/365*197.5 -> 48.589786 | J20: 53.57 | K20: =I20*J20 -> 2602.9549 | L20: 17.835779 | M20: =L20/365*197.5 -> 9.6508668 | N20: 57.5 | O20: =M20*N20 -> 554.92484
A21: G0389 | B21: SER0412 | C21: APP0867-Recepció factura electrònica | D21: 200 | E21: =D21/365*197.5 -> 108.21918 | F21: 53.57 | G21: =E21*F21 -> 5797.3014 | H21: 220 | I21: =H21/365*197.5 -> 119.0411 | J21: 53.57 | K21: =I21*J21 -> 6377.0315 | L21: 63 | M21: =L21/365*197.5 -> 34.089041 | N21: 57.5 | O21: =M21*N21 -> 1960.1199
A22: G0389 | B22: SER0412 | C22: APP0864-Emissio factura electrònica | D22: 36.492063 | E22: =D22/365*197.5 -> 19.745706 | F22: 53.57 | G22: =E22*F22 -> 1057.7774 | H22: 72.984127 | I22: =H22/365*197.5 -> 39.491411 | J22: 53.57 | K22: =I22*J22 -> 2115.5549 | L22: 16.421429 | M22: =L22/365*197.5 -> 8.8855675 | N22: 57.5 | O22: =M22*N22 -> 510.92013
A23: G0389 | B23: SER0411 | C23: APP0866-FENS | D23: 20 | E23: =D23/365*197.5 -> 10.821918 | F23: 53.57 | G23: =E23*F23 -> 579.73014 | H23: 85 | I23: =H23/365*197.5 -> 45.993151 | J23: 53.57 | K23: =I23*J23 -> 2463.8531 | L23: 15.75 | M23: =L23/365*197.5 -> 8.5222603 | N23: 57.5 | O23: =M23*N23 -> 490.02997
A24: G0389 | B24: SER0474 | C24: APP0896-Gestió de bestretes | D24: 103.671 | E24: =D24/365*197.5 -> 56.09595 | F24: 53.57 | G24: =E24*F24 -> 3005.06 | H24: 434.23719 | I24: =H24/365*197.5 -> 234.96396 | J24: 53.57 | K24: =I24*J24 -> 12587.019 | L24: 80.686227 | M24: =L24/365*197.5 -> 43.658986 | N24: 57.5 | O24: =M24*N24 -> 2510.3917
A25: G0389 | B25: SER0473 | C25: APP0895-Expedients economics(core) | D25: 0 | E25: =D25/365*197.5 -> 0 | F25: 53.57 | G25: =E25*F25 -> 0 | H25: 202.4 | I25: =H25/365*197.5 -> 109.51781 | J25: 53.57 | K25: =I25*J25 -> 5866.869 | L25: 30.36 | M25: =L25/365*197.5 -> 16.427671 | N25: 57.5 | O25: =M25*N25 -> 944.5911
A26: G0389 | B26: SER0038 | C26: APP0150-Compres | D26: 0 | E26: =D26/365*197.5 -> 0 | F26: 53.57 | G26: =E26*F26 -> 0 | H26: 159.03 | I26: =H26/365*197.5 -> 86.050479 | J26: 53.57 | K26: =I26*J26 -> 4609.7242 | L26: 23.8545 | M26: =L26/365*197.5 -> 12.907572 | N26: 57.5 | O26: =M26*N26 -> 742.18539 | Q26: Varia de molt poc
A27: G0389 | B27: SER0474 | C27: APP0898-Autorització de viatges | D27: 0 | E27: =D27/365*197.5 -> 0 | F27: 53.57 | G27: =E27*F27 -> 0 | H27: 0 | I27: =H27/365*197.5 -> 0 | J27: 53.57 | K27: =I27*J27 -> 0 | L27: 0 | M27: =L27/365*197.5 -> 0 | N27: 57.5 | O27: =M27*N27 -> 0
A28: GR | B28: SER0044 | C28: APP0262-eSubvencions | D28: 288.60029 | E28: =D28/365*197.5 -> 156.16043 | F28: 53.57 | G28: =E28*F28 -> 8365.5142 | H28: 649.35065 | I28: =H28/365*197.5 -> 351.36097 | J28: 53.57 | K28: =I28*J28 -> 18822.407 | L28: 140.69264 | M28: =L28/365*197.5 -> 76.12821 | N28: 57.5 | O28: =M28*N28 -> 4377.3721 | P28: 43466
E29: =SUM(E18:E28) -> 563.69205 | G29: =SUM(G18:G28) -> 30196.983 | I29: =SUM(I18:I28) -> 1655.7542 | K29: =SUM(K18:K28) -> 88698.751 | M29: =SUM(M18:M28) -> 332.91693 | O29: =SUM(O18:O28) -> 19142.724
A30: GERÈNCIA DE RECURSOS (GR) LOT2 SAP | B30: Glòria Santamaria | C30: 321139.87 | D30: =+C30*3 -> 963419.62 | G30: =+D30/36*M30*0.25 -> 13380.828 | H30: 0 | J30: =+D30+G30+H30 -> 976800.45 | K30: S | M30: 2 | N30: 43101 | O30: 43236 | P30: 43236 | Q30: 43297
F32: CORR-RECU-OT | G32: TRANS
E33: 2018 | F33: =G29+K29+O29 -> 138038.46 | G33: =G30 -> 13380.828
E34: 2019 | F34: =F14+I14+L14 -> 255109.05
E35: 2020 | F35: =F14+I14+L14 -> 255109.05
E36: 2021 | F36: =F14+I14+L14 -> 255109.05
F37: =SUM(F33:F36) -> 903365.6 | G37: =SUM(G33:G36) -> 13380.828 | H37: =F37+G37 -> 916746.43
A39: LOT 1
A40: Contracte | B40: Servei | C40: Aplicació | D40: h Manteniment correctiu | E40: Preu/hora | F40: € Manteniment correctiu | G40: h Manteniment recurrent | H40: Preu/hora | I40: € Manteniment recurrent | J40: h OT | K40: Preu/hora | L40: € OT | M40: DATA INICI NOUS SERVEIS
A41: G0389 | B41: SER0031 | C41: APP0176-COPERNICO | D41: 209.25492 | E41: 46.59 | F41: =D41*E41 -> 9749.1868 | G41: 982.79691 | H41: 49.95 | I41: =G41*H41 -> 49090.706 | J41: 178.80777 | K41: 57.5 | L41: =J41*K41 -> 10281.447
A42: G0389 | B42: SER0031 | C42: APP0719-Digitalització actes del plenari | D42: 72.916667 | E42: 46.59 | F42: =D42*E42 -> 3397.1875 | G42: 853.57417 | H42: 49.95 | I42: =G42*H42 -> 42636.03 | J42: 138.97362 | K42: 57.5 | L42: =J42*K42 -> 7990.9834
A43: G0389 | B43: SER0031 | C43: APP0295-GASETA | D43: 161.31323 | E43: 46.59 | F43: =D43*E43 -> 7515.5835 | G43: 739.83205 | H43: 49.95 | I43: =G43*H43 -> 36954.611 | J43: 135.17179 | K43: 57.5 | L43: =J43*K43 -> 7772.378
A44: G0389 | B44: SER0153 | C44: APP0668-Tauler d'Edictes | D44: 43.75 | E44: 46.59 | F44: =D44*E44 -> 2038.3125 | G44: 688.42667 | H44: 49.95 | I44: =G44*H44 -> 34386.912 | J44: 109.8265 | K44: 57.5 | L44: =J44*K44 -> 6315.0237
A45: G0080 | B45: SER0031 | C45: APP0233-eDecrets | D45: 63.135559 | E45: 46.59 | F45: =D45*E45 -> 2941.4857 | G45: 174.43309 | H45: 49.95 | I45: =G45*H45 -> 8712.933 | J45: 35.635298 | K45: 57.5 | L45: =J45*K45 -> 2049.0296
A46: G0080 | B46: SER0031 | C46: APP0942-eDecretIns | D46: 63.135559 | E46: 46.59 | F46: =D46*E46 -> 2941.4857 | G46: 174.43309 | H46: 49.95 | I46: =G46*H46 -> 8712.933 | J46: 35.635298 | K46: 57.5 | L46: =J46*K46 -> 2049.0296
A47: G0079 | B47: SER0031 | C47: APP0340-GPD | D47: 201.75654 | E47: 46.59 | F47: =D47*E47 -> 9399.8373 | G47: 498.38026 | H47: 49.95 | I47: =G47*H47 -> 24894.094 | J47: 105.02052 | K47: 57.5 | L47: =J47*K47 -> 6038.6799
A48: H0094 | B48: SER0031 | C48: Nou registre d'interessos | D48: 199.35211 | E48: 46.59 | F48: =D48*E48 -> 9287.8146 | G48: 375.47097 | H48: 49.95 | I48: =G48*H48 -> 18754.775 | J48: 86.223461 | K48: 57.5 | L48: =J48*K48 -> 4957.849
A49: G0519 | B49: SER0414 | C49: Nou sistema d'alcaldia | D49: 996.76053 | E49: 46.59 | F49: =D49*E49 -> 46439.073 | G49: 1993.5211 | H49: 49.95 | I49: =G49*H49 -> 99576.377 | J49: 448.54224 | K49: 57.5 | L49: =J49*K49 -> 25791.179 | M49: 43405
A50: Projecte nou | C50: Nou expedient de bustia etica | D50: 249.19013 | E50: 46.59 | F50: =D50*E50 -> 11609.768 | G50: 747.5704 | H50: 49.95 | I50: =G50*H50 -> 37341.141 | J50: 149.51408 | K50: 57.5 | L50: =J50*K50 -> 8597.0596 | M50: 43252
A51: Projecte nou | C51: Nou organismes municipals | D51: 124.59507 | E51: 46.59 | F51: =D51*E51 -> 5804.8841 | G51: 498.38026 | H51: 49.95 | I51: =G51*H51 -> 24894.094 | J51: 93.4463 | K51: 57.5 | L51: =J51*K51 -> 5373.1622 | M51: 43252
A52: Projecte nou | C52: Nou GRA | D52: 124.59507 | E52: 46.59 | F52: =D52*E52 -> 5804.8841 | G52: 498.38026 | H52: 49.95 | I52: =G52*H52 -> 24894.094 | J52: 93.4463 | K52: 57.5 | L52: =J52*K52 -> 5373.1622 | M52: 43252
A54: G0080 | B54: SER0031 | C54: APP0591-RIS Unions civils | D54: 10.601545 | E54: 46.59 | F54: =D54*E54 -> 493.92598 | G54: 0 | H54: 49.95 | I54: =G54*H54 -> 0 | J54: 1.5902317 | K54: 57.5 | L54: =J54*K54 -> 91.438325
A55: G0080 | B55: SER0027 | C55: APP0571-RecGUB | D55: 85.016197 | E55: 46.59 | F55: =D55*E55 -> 3960.9046 | G55: 0 | H55: 49.95 | I55: =G55*H55 -> 0 | J55: 12.75243 | K55: 57.5 | L55: =J55*K55 -> 733.2647
A56: G0074 | B56: SER0027 | C56: APP0579-RIS centralitzat | D56: 28.842263 | E56: 46.59 | F56: =D56*E56 -> 1343.761 | G56: 0 | H56: 49.95 | I56: =G56*H56 -> 0 | J56: 4.3263394 | K56: 57.5 | L56: =J56*K56 -> 248.76452
A57: G0080 | B57: SER0032 | C57: APP0341-GRA | D57: 0 | E57: 46.59 | F57: =D57*E57 -> 0 | G57: 0 | H57: 49.95 | I57: =G57*H57 -> 0 | J57: 0 | K57: 57.5 | L57: =J57*K57 -> 0
A58: G0080 | B58: SER0413 | C58: APP0702-VIPS | D58: 0 | E58: 46.59 | F58: =D58*E58 -> 0 | G58: 121.44256 | H58: 49.95 | I58: =G58*H58 -> 6066.056 | J58: 18.216384 | K58: 57.5 | L58: =J58*K58 -> 1047.4421
A59: G0080 | B59: SER0413 | C59: APP0900 - ORGA | D59: 0 | E59: 46.59 | F59: =D59*E59 -> 0 | G59: 0 | H59: 49.95 | I59: =G59*H59 -> 0 | J59: 0 | K59: 57.5 | L59: =J59*K59 -> 0
A60: G0080 | B60: SER0413 | C60: APP0899 SIAP | D60: 0 | E60: 46.59 | F60: =D60*E60 -> 0 | G60: 0 | H60: 49.95 | I60: =G60*H60 -> 0 | J60: 0 | K60: 57.5 | L60: =J60*K60 -> 0
A61: G0080 | B61: SER0413 | C61: APP0896 VERDI | D61: 0 | E61: 46.59 | F61: =D61*E61 -> 0 | G61: 0 | H61: 49.95 | I61: =G61*H61 -> 0 | J61: 0 | K61: 57.5 | L61: =J61*K61 -> 0
A62: G0080 | B62: SER0414 | C62: APP0592-RISPLUS | D62: 654.49265 | E62: 46.59 | F62: =D62*E62 -> 30492.813 | G62: 747.5704 | H62: 49.95 | I62: =G62*H62 -> 37341.141 | J62: 210.30946 | K62: 57.5 | L62: =J62*K62 -> 12092.794
A63: G0074 | B63: SER0414 | C63: APP0294-GALIOT consulta històric | D63: 25.73237 | E63: 46.59 | F63: =D63*E63 -> 1198.8711 | G63: 0 | H63: 49.95 | I63: =G63*H63 -> 0 | J63: 3.8598555 | K63: 57.5 | L63: =J63*K63 -> 221.94169
D64: =SUM(D41:D63) -> 3314.4404 | F64: =SUM(F41:F63) -> 154419.78 | G64: =SUM(G41:G63) -> 9094.2121 | I64: =SUM(I41:I63) -> 454255.9 | J64: =SUM(J41:J63) -> 1861.2979 | L64: =SUM(L41:L63) -> 107024.63
A66: A partir de 16/05/2018
A67: Contracte | B67: Servei | C67: Aplicació | D67: h Manteniment correctiu | E67: h A partir 16/05/2018 | F67: Preu/hora | G67: € Manteniment correctiu | H67: h Manteniment recurrent | I67: h A partir 16/05/2018 | J67: Preu/hora | K67: € Manteniment recurrent | L67: h OT | M67: h A partir 16/05/2018 | N67: Preu/hora | O67: € OT | P67: DATA INICI NOUS SERVEIS
A68: G0389 | B68: SER0031 | C68: APP0176-COPERNICO | D68: 209.25492 | E68: =D68/365*197.5 -> 113.22698 | F68: 46.59 | G68: =E68*F68 -> 5275.2449 | H68: 982.79691 | I68: =H68/365*197.5 -> 531.78737 | J68: 49.95 | K68: =I68*J68 -> 26562.779 | L68: 178.80777 | M68: =L68/365*197.5 -> 96.752152 | N68: 57.5 | O68: =M68*N68 -> 5563.2487
A69: G0389 | B69: SER0031 | C69: APP0719-Digitalització actes del plenari | D69: 72.916667 | E69: =D69/365*197.5 -> 39.454909 | F69: 46.59 | G69: =E69*F69 -> 1838.2042 | H69: 853.57417 | I69: =H69/365*197.5 -> 461.86547 | J69: 49.95 | K69: =I69*J69 -> 23070.18 | L69: 138.97362 | M69: =L69/365*197.5 -> 75.198057 | N69: 57.5 | O69: =M69*N69 -> 4323.8883
A70: G0389 | B70: SER0031 | C70: APP0295-GASETA | D70: 161.31323 | E70: =D70/365*197.5 -> 87.285927 | F70: 46.59 | G70: =E70*F70 -> 4066.6513 | H70: 739.83205 | I70: =H70/365*197.5 -> 400.32008 | J70: 49.95 | K70: =I70*J70 -> 19995.988 | L70: 135.17179 | M70: =L70/365*197.5 -> 73.140901 | N70: 57.5 | O70: =M70*N70 -> 4205.6018
A71: G0389 | B71: SER0153 | C71: APP0668-Tauler d'Edictes | D71: 43.75 | E71: =D71/365*197.5 -> 23.672945 | F71: 46.59 | G71: =E71*F71 -> 1102.9225 | H71: 688.42667 | I71: =H71/365*197.5 -> 372.50484 | J71: 49.95 | K71: =I71*J71 -> 18606.617 | L71: 109.8265 | M71: =L71/365*197.5 -> 59.426668 | N71: 57.5 | O71: =M71*N71 -> 3417.0334
A72: G0080 | B72: SER0031 | C72: APP0233-eDecrets | D72: 63.135559 | E72: =D72/365*197.5 -> 34.162392 | F72: 46.59 | G72: =E72*F72 -> 1591.6258 | H72: 174.43309 | I72: =H72/365*197.5 -> 94.385029 | J72: 49.95 | K72: =I72*J72 -> 4714.5322 | L72: 35.635298 | M72: =L72/365*197.5 -> 19.282113 | N72: 57.5 | O72: =M72*N72 -> 1108.7215
A73: G0080 | B73: SER0031 | C73: APP0942-eDecretIns | D73: 63.135559 | E73: =D73/365*197.5 -> 34.162392 | F73: 46.59 | G73: =E73*F73 -> 1591.6258 | H73: 174.43309 | I73: =H73/365*197.5 -> 94.385029 | J73: 49.95 | K73: =I73*J73 -> 4714.5322 | L73: 35.635298 | M73: =L73/365*197.5 -> 19.282113 | N73: 57.5 | O73: =M73*N73 -> 1108.7215
A74: G0079 | B74: SER0031 | C74: APP0340-GPD | D74: 201.75654 | E74: =D74/365*197.5 -> 109.16964 | F74: 46.59 | G74: =E74*F74 -> 5086.2133 | H74: 498.38026 | I74: =H74/365*197.5 -> 269.67151 | J74: 49.95 | K74: =I74*J74 -> 13470.092 | L74: 105.02052 | M74: =L74/365*197.5 -> 56.826172 | N74: 57.5 | O74: =M74*N74 -> 3267.5049
A75: H0094 | B75: SER0031 | C75: Nou registre d'interessos | D75: 199.35211 | E75: =D75/365*197.5 -> 107.86861 | F75: 46.59 | G75: =E75*F75 -> 5025.5983 | H75: 375.47097 | I75: =H75/365*197.5 -> 203.1658 | J75: 49.95 | K75: =I75*J75 -> 10148.132 | L75: 86.223461 | M75: =L75/365*197.5 -> 46.655161 | N75: 57.5 | O75: =M75*N75 -> 2682.6717
A76: G0519 | B76: SER0414 | C76: Nou sistema d'alcaldia | D76: 996.76053 | E76: =D76/365*197.5 -> 539.34303 | F76: 46.59 | G76: =E76*F76 -> 25127.992 | H76: 1993.5211 | I76: =H76/365*197.5 -> 1078.6861 | J76: 49.95 | K76: =I76*J76 -> 53880.368 | L76: 448.54224 | M76: =L76/365*197.5 -> 242.70436 | N76: 57.5 | O76: =M76*N76 -> 13955.501 | P76: 43405
A77: Projecte nou | C77: Nou expedient de bustia etica | D77: 249.19013 | E77: =D77/365*197.5 -> 134.83576 | F77: 46.59 | G77: =E77*F77 -> 6281.9979 | H77: 747.5704 | I77: =H77/365*197.5 -> 404.50727 | J77: 49.95 | K77: =I77*J77 -> 20205.138 | L77: 149.51408 | M77: =L77/365*197.5 -> 80.901454 | N77: 57.5 | O77: =M77*N77 -> 4651.8336 | P77: 43252
A78: Projecte nou | C78: Nou organismes municipals | D78: 124.59507 | E78: =D78/365*197.5 -> 67.417878 | F78: 46.59 | G78: =E78*F78 -> 3140.9989 | H78: 498.38026 | I78: =H78/365*197.5 -> 269.67151 | J78: 49.95 | K78: =I78*J78 -> 13470.092 | L78: 93.4463 | M78: =L78/365*197.5 -> 50.563409 | N78: 57.5 | O78: =M78*N78 -> 2907.396 | P78: 43252
A79: Projecte nou | C79: Nou GRA | D79: 124.59507 | E79: =D79/365*197.5 -> 67.417878 | F79: 46.59 | G79: =E79*F79 -> 3140.9989 | H79: 498.38026 | I79: =H79/365*197.5 -> 269.67151 | J79: 49.95 | K79: =I79*J79 -> 13470.092 | L79: 93.4463 | M79: =L79/365*197.5 -> 50.563409 | N79: 57.5 | O79: =M79*N79 -> 2907.396 | P79: 43252
A81: G0080 | B81: SER0031 | C81: APP0591-RIS Unions civils | D81: 10.601545 | E81: =D81/365*197.5 -> 5.7364524 | F81: 46.59 | G81: =E81*F81 -> 267.26132 | H81: 0 | I81: =H81/365*197.5 -> 0 | J81: 49.95 | K81: =I81*J81 -> 0 | L81: 1.5902317 | M81: =L81/365*197.5 -> 0.86046786 | N81: 57.5 | O81: =M81*N81 -> 49.476902
A82: G0080 | B82: SER0027 | C82: APP0571-RecGUB | D82: 85.016197 | E82: =D82/365*197.5 -> 46.001915 | F82: 46.59 | G82: =E82*F82 -> 2143.2292 | H82: 0 | I82: =H82/365*197.5 -> 0 | J82: 49.95 | K82: =I82*J82 -> 0 | L82: 12.75243 | M82: =L82/365*197.5 -> 6.9002873 | N82: 57.5 | O82: =M82*N82 -> 396.76652
A83: G0074 | B83: SER0027 | C83: APP0579-RIS centralitzat | D83: 28.842263 | E83: =D83/365*197.5 -> 15.60643 | F83: 46.59 | G83: =E83*F83 -> 727.10356 | H83: 0 | I83: =H83/365*197.5 -> 0 | J83: 49.95 | K83: =I83*J83 -> 0 | L83: 4.3263394 | M83: =L83/365*197.5 -> 2.3409645 | N83: 57.5 | O83: =M83*N83 -> 134.60546
A84: G0080 | B84: SER0032 | C84: APP0341-GRA | D84: 0 | E84: =D84/365*197.5 -> 0 | F84: 46.59 | G84: =E84*F84 -> 0 | H84: 0 | I84: =H84/365*197.5 -> 0 | J84: 49.95 | K84: =I84*J84 -> 0 | L84: 0 | M84: =L84/365*197.5 -> 0 | N84: 57.5 | O84: =M84*N84 -> 0
A85: G0080 | B85: SER0413 | C85: APP0702-VIPS | D85: 0 | E85: =D85/365*197.5 -> 0 | F85: 46.59 | G85: =E85*F85 -> 0 | H85: 121.44256 | I85: =H85/365*197.5 -> 65.712071 | J85: 49.95 | K85: =I85*J85 -> 3282.3179 | L85: 18.216384 | M85: =L85/365*197.5 -> 9.8568107 | N85: 57.5 | O85: =M85*N85 -> 566.76661
A86: G0080 | B86: SER0413 | C86: APP0900 - ORGA | D86: 0 | E86: =D86/365*197.5 -> 0 | F86: 46.59 | G86: =E86*F86 -> 0 | H86: 0 | I86: =H86/365*197.5 -> 0 | J86: 49.95 | K86: =I86*J86 -> 0 | L86: 0 | M86: =L86/365*197.5 -> 0 | N86: 57.5 | O86: =M86*N86 -> 0
A87: G0080 | B87: SER0413 | C87: APP0899 SIAP | D87: 0 | E87: =D87/365*197.5 -> 0 | F87: 46.59 | G87: =E87*F87 -> 0 | H87: 0 | I87: =H87/365*197.5 -> 0 | J87: 49.95 | K87: =I87*J87 -> 0 | L87: 0 | M87: =L87/365*197.5 -> 0 | N87: 57.5 | O87: =M87*N87 -> 0
A88: G0080 | B88: SER0413 | C88: APP0896 VERDI | D88: 0 | E88: =D88/365*197.5 -> 0 | F88: 46.59 | G88: =E88*F88 -> 0 | H88: 0 | I88: =H88/365*197.5 -> 0 | J88: 49.95 | K88: =I88*J88 -> 0 | L88: 0 | M88: =L88/365*197.5 -> 0 | N88: 57.5 | O88: =M88*N88 -> 0
A89: G0080 | B89: SER0414 | C89: APP0592-RISPLUS | D89: 654.49265 | E89: =D89/365*197.5 -> 354.14328 | F89: 46.59 | G89: =E89*F89 -> 16499.536 | H89: 747.5704 | I89: =H89/365*197.5 -> 404.50727 | J89: 49.95 | K89: =I89*J89 -> 20205.138 | L89: 210.30946 | M89: =L89/365*197.5 -> 113.79758 | N89: 57.5 | O89: =M89*N89 -> 6543.361
A90: G0074 | B90: SER0414 | C90: APP0294-GALIOT consulta històric | D90: 25.73237 | E90: =D90/365*197.5 -> 13.92368 | F90: 46.59 | G90: =E90*F90 -> 648.70423 | H90: 0 | I90: =H90/365*197.5 -> 0 | J90: 49.95 | K90: =I90*J90 -> 0 | L90: 3.8598555 | M90: =L90/365*197.5 -> 2.0885519 | N90: 57.5 | O90: =M90*N90 -> 120.09174
E91: =SUM(E68:E90) -> 1793.4301 | G91: =SUM(G68:G90) -> 83555.907 | I91: =SUM(I68:I90) -> 4920.8408 | K91: =SUM(K68:K90) -> 245796 | M91: =SUM(M68:M90) -> 1007.1406 | O91: =SUM(O68:O90) -> 57910.587
A92: GERÈNCIA DE RECURSOS (GR) LOT1 J2EE | B92: Glòria Santamaria | C92: 582484.78 | D92: =+C92*3 -> 1747454.3 | G92: =+D92/36*M92*0.25 -> 24270.199 | H92: 0 | J92: =+D92+G92+H92 -> 1771724.5 | K92: S | M92: 2 | N92: 43101 | O92: 43236 | P92: 43236 | Q92: 43297
F94: CORR-RECU-OT | G94: TRANS
E95: 2018 | F95: =G91+K91+O91 -> 387262.49 | G95: =G92 -> 24270.199
E96: 2019 | F96: =F64+I64+L64 -> 715700.3
E97: 2020 | F97: =F64+I64+L64 -> 715700.3
E98: 2021 | F98: =F64+I64+L64 -> 715700.3
F99: =SUM(F95:F98) -> 2534363.4 | G99: =SUM(G95:G98) -> 24270.199 | H99: =F99+G99 -> 2558633.6
A104: Queden fora els següents manteniments:
A105: GR | B105: SER0028 | C105: APP0360-Inmagic | G105: 6000
A106: GR | B106: SER0028 | C106: APP0859-Unicorn-hyperion | G106: 11459.83
A107: GR | B107: SER0028 | C107: APP0868-Albala | G107: 21244.99
A108: GR | B108: SER0044 | C108: APP0262-eSubvencions | G108: 60000
A109: GR | B109: Governança de serveis i projectes | G109: 170000
A110: GR | B110: Governança de gestió d'actius | G110: 44000
A111: GR | B111: Bustia etica | G111: 6000
...

Sheet Hoja2
